 Dungeon Crawl Stone Soup version 0.28-a0-1387-g3a22ab9bdc (webtiles) character file.

Game seed: 6537482385236117490

18 HallandMoats the Skirmisher (level 2, 0/24 HPs)
             Began as a Demonspawn Fighter on Jan 3, 2022.
             Slain by a hobgoblin (4 damage)
             ... on level 1 of the Dungeon.
             The game lasted 00:00:36 (587 turns).

HallandMoats the Skirmisher (Demonspawn Fighter)     Turns: 587, Time: 00:00:36

Health: 0/24       AC:  6    Str: 16    XL:     2   Next: 48%
Magic:  1/3        EV:  9    Int:  9    God:
Gold:   36         SH:  4    Dex: 12    Spells: 1/1 levels left

rFire   . . .      SeeInvis .   a - +0 war axe
rCold   . . .      Faith    .   c - +0 buckler
rNeg    . . .      Spirit   .   b - +0 scale mail
rPois   .          Reflect  .   (no helmet)
rElec   .          Harm     .   (no cloak)
rCorr   .          Rampage  .   (no gloves)
Will    .....                   (no boots)
Stlth   ..........              (no amulet)
HPRegen 0.08/turn               (no ring)
MPRegen 0.08/turn               (no ring)

@: no status effects
A: powered by pain 1
a: no special abilities


You were on level 1 of the Dungeon.
You visited 1 branch of the dungeon, and saw 1 of its levels.

You collected 36 gold pieces.

Inventory:

Hand Weapons
 a - a +0 war axe (weapon)
Armour
 b - a +0 scale mail (worn)
 c - a +0 buckler (worn)
Potions
 d - a potion of might
 e - a potion of resistance {unknown}
 f - 2 potions of curing {unknown}


   Skills:
 + Level 3.1 Fighting
 + Level 1.9 Axes
 + Level 2.8 Armour
 + Level 0.3 Dodging
 + Level 2.8 Shields
 * Level 1.7 Invocations


You had one spell level left.
You didn't know any spells.
Your spell library was empty.

Dungeon Overview and Level Annotations

Branches:
Dungeon (1/15)

Altars:


Innate Abilities, Weirdness & Mutations

You sometimes gain a little power by taking damage.


Message History

You miss the quokka.
The quokka is moderately wounded.
You hit the gnoll.
The quokka bites you but does no damage.
The gnoll misses you.
The quokka bites you but does no damage.
The gnoll hits you but does no damage.
You closely miss the gnoll.
The gnoll is severely wounded.
You barely miss the quokka. The quokka completely misses you.
The gnoll hits you with a +0 club! You block the quokka's attack.
You completely miss the gnoll.
The gnoll is severely wounded.
You miss the quokka. The gnoll hits you but does no damage.
The quokka closely misses you.
You hit the gnoll.
The gnoll is almost dead.
You miss the quokka.
The quokka bites you but does no damage.
The gnoll hits you with a +0 club.
The quokka bites you but does no damage.
The gnoll hits you with a +0 club.
You closely miss the gnoll.
The gnoll is almost dead.
You completely miss the quokka. The quokka closely misses you.
The gnoll hits you with a +0 club.
* * * LOW HITPOINT WARNING * * *
The quokka barely misses you.
You hit the gnoll.
You kill the gnoll!
You hit the quokka.
You kill the quokka!
You have reached level 2!
Your demonic ancestry asserts itself...
You feel energised by your suffering.
You hit the hobgoblin.
The hobgoblin is almost dead.
The hobgoblin hits you but does no damage.
The hobgoblin hits you.
You die...

.## #..........####.#
..## #.#.#.###....... .
...###......##...###...
...'...................
...####...#.###..#.###
≈≈≈≈≈≈≈#.........#
≈≈####≈##.######.#
###.⌠#≈##.# #.#
..'..#≈##.# #@#
###'##≈##.# #g.......
..#.#≈≈##.# #........
..#.#≈≈##.# #.###.##.
#.+.#≈≈##.# #.# #
..#.#≈≈##.# #.#
..#.#≈≈##.# #.#
###'##≈...# #.#
..+..#≈####


You could see a hobgoblin.

Vanquished Creatures
  A gnoll (D:1)
  An endoplasm (D:1)
  A kobold (D:1)
  2 quokkas (D:1)
  2 frilled lizards (D:1)
  A rat (D:1)
8 creatures vanquished.

Vanquished Creatures (others)
  18 plants (D:1)
18 creatures vanquished.

Grand Total: 26 creatures vanquished

Notes
Turn   | Place    | Note
-------+----------+-------------------------------------------
     0 | D:1      | HallandMoats the Demonspawn Fighter began the quest for the
                  | Orb.
     0 | D:1      | Reached XP level 1. HP: 18/18 MP: 1/1
   351 | D:1      | Reached skill level 1 in Invocations
   587 | D:1      | Gained mutation: You sometimes gain a little power by
                  | taking damage. [demonic ancestry]
   587 | D:1      | Reached XP level 2. HP: 4/24 MP: 1/3
   587 | D:1      | Slain by a hobgoblin

Illustrated notes

Levels and vault maps discovered:
D:1:      heliophobic_arrival_glass_houses, layout_loops_corners,
          ebering_ecumenical_altar_mist, serial_bayou_lagoon_a,
          amcnicky_mini_pool_small

Skill      XL: |  1 |
---------------+----+-----
Invocations    | 1 |  1.7
Fighting       | |  3.1
Axes           | |  1.9
Armour         | |  2.8
Dodging        | |  0.3
Shields        | |  2.8

Action                   || total
-------------------------++-------
Melee: War axe           ||    36
Armor: Scale mail        ||    14
Dodge: Dodged            ||    15
Block: Buckler           ||    12

Table legend: (Time is in decaauts)
 A = Elapsed time spent in this place.
 B = Non-inter-level travel time spent in this place.
 C = Inter-level travel time spent in this place.
 D = Time resting spent in this place.
 E = Time spent auto-exploring this place.
 F = Levels seen in this place.
 G = Mean time per level.
                   A        B        C        D        E       F      G
               +--------+--------+--------+--------+--------+-----+--------+
         Total |    604 |    604 |      0 |    109 |    398 |   1 |  604.0 |
       Dungeon |    604 |    604 |      0 |    109 |    398 |   1 |  604.0 |
               +--------+--------+--------+--------+--------+-----+--------+

Top non-repeatable levels by time:
     D:1: 604 daAuts
